 Dungeon Crawl Stone Soup version 0.26.0-16-gc1dbca0489 (webtiles) character file.

Game seed: 12890751668022942884

89 dredge the Skirmisher (level 4, -4/37 HPs)
             Began as a Human Fighter on Jan 19, 2021.
             Killed from afar by a white imp (6 damage)
             ... with a puff of frost
             ... summoned by Natasha
             ... on level 2 of the Dungeon on Jan 20, 2021.
             The game lasted 00:05:35 (1993 turns).

dredge the Skirmisher (Human Fighter)               Turns: 1993, Time: 00:05:35

Health: -4/37      AC:  3    Str: 17    XL:     4   Next: 84%
Magic:  4/4        EV:  9    Int:  8    God:
Gold:   68         SH:  9    Dex: 13    Spells: 3/3 levels left

rFire    . . .     SeeInvis .   r - +4 short sword (vamp)
rCold    . . .     Faith    .   c - +0 kite shield
rNeg     . . .     Spirit   .   (no armour)
rPois    .         Reflect  .   (no helmet)
rElec    .         Harm     .   o - +0 cloak
rCorr    .         Rampage  .   h - +1 pair of gloves
Will     .....                  (no boots)
Stlth    ++........             (no amulet)
HPRegen  0.12/turn              f - ring of stealth
MPRegen  0.09/turn              (no ring)

@: no status effects
A: no striking features
a: no special abilities


You were on level 2 of the Dungeon.
You visited 1 branch of the dungeon, and saw 2 of its levels.

You collected 68 gold pieces.

Inventory:

Hand Weapons
 a - a +0 long sword
 r - a +4 vampiric short sword (weapon)
Missiles
 e - 6 javelins (quivered)
 m - 12 poisoned darts
Armour
 b - a +0 scale mail
 c - a +0 kite shield (worn)
 h - a +1 pair of gloves (worn)
 o - a +0 cloak (worn)
 s - a +0 chain mail
Jewellery
 f - a ring of stealth (left hand)
Scrolls
 g - a scroll of remove curse {unknown}
 i - a scroll of identify {unknown}
 k - a scroll of fear {unknown}
 n - a scroll of noise {unknown}
 p - 2 scrolls of blinking {unknown}
Potions
 d - a potion of might
 j - 2 potions of curing {unknown}
 l - a potion of heal wounds {unknown}
 q - 2 potions of degeneration {unknown}


   Skills:
 * Level 3.7 Fighting
 + Level 2.8 Long Blades
 + Level 0.1 Throwing
 + Level 3.4 Armour
 + Level 0.8 Dodging
 + Level 3.5 Shields


You had 3 spell levels left.
You didn't know any spells.
Your spell library was empty.

Dungeon Overview and Level Annotations

Branches:
Dungeon (2/15)

Altars:

Annotations:
D:2 Natasha


Message History

Natasha is heavily wounded.
You block the shadow imp's attack. Natasha claws you. The white imp hits you.
The white imp freezes you. The shadow imp puffs mist at you.
The shadow imp hits you.
* * * LOW HITPOINT WARNING * * *
Natasha claws you but does no damage.
You feel yourself speed up.
Natasha zaps a wand.
You hear a grinding noise.
The white imp hits you.
* * * LOW HITPOINT WARNING * * *
The white imp freezes you.
* * * LOW HITPOINT WARNING * * *
The shadow imp gestures at you. Pain shoots through your body!
* * * LOW HITPOINT WARNING * * *
The white imp gestures at you. The puff of frost hits you.
You die...

...##..................########..
...##....(............###........
...##.....###....................
..###...[.#.....................#
....##..........................#
.##.........................#....
..#...........##............#....
..............##.#.##...#.#.#....
..............<.@.###...#.#.#...)
............#.....5.h...#.#.#....
............#.....5.........#....
..#.#............................
.................................
.................................
...............#.######..........
..#.##.####...?#.# ........#####
###........##.##.# ..........###


You could see Natasha, a white imp (summoned) and a shadow imp (summoned).

Vanquished Creatures
  Terence (D:2)
  Natasha (D:2)
  An ooze (D:1)
  3 leopard geckos
  2 giant cockroaches (D:1)
  2 hobgoblins
  8 jackals
  3 ball pythons
  3 bats (D:1)
  4 frilled lizards
  2 kobolds
  4 rats (D:1)
34 creatures vanquished.

Notes
Turn   | Place    | Note
-------+----------+-------------------------------------------
     0 | D:1      | dredge the Human Fighter began the quest for the Orb.
     0 | D:1      | Reached XP level 1. HP: 18/18 MP: 1/1
   143 | D:1      | Reached XP level 2. HP: 24/24 MP: 2/2
   532 | D:1      | Reached XP level 3. HP: 26/29 MP: 3/3
  1505 | D:2      | Noticed Terence
  1527 | D:2      | Killed Terence
  1528 | D:2      | Reached XP level 4. HP: 7/37 MP: 4/4
  1809 | D:2      | Noticed Natasha
  1818 | D:2      | Killed Natasha
  1976 | D:2      | Noticed Natasha
  1992 | D:2      | HP: 1/37 [shadow imp/nerve-wracking pain[Natasha] (5)]
  1993 | D:2      | Killed from afar by a white imp

Illustrated notes

Levels and vault maps discovered:
D:1:      dpeg_arrival_prison, layout_basic
D:2:      layout_basic, okawaru_altar_gauntlet_db, uniq_natasha, uniq_jessica,
          uniq_terence

Action                   |  1- 3 |  4- 6 || total
-------------------------+-------+-------++-------
Melee: Long sword        |   109 |       ||   109
       Short sword       |       |    27 ||    27
Throw: Javelin           |     2 |       ||     2
 Stab: Sleeping          |       |     2 ||     2
Armor: Scale mail        |    67 |       ||    67
       Skin              |       |     5 ||     5
Dodge: Dodged            |    54 |    12 ||    66
Block: Kite shield       |    65 |     9 ||    74
       Rpst.: Long sword |    14 |       ||    14
